 Dungeon Crawl Stone Soup version 0.23-a0-338-g8ff0b24 (webtiles) character file.

2642 Garbasso the Caller (level 9, -2/71 HPs)
             Began as a Barachi Summoner on Oct 18, 2018.
             Was a Priest of Ashenzari.
             Killed by the air
             ... invoked by Gastronok
              (39 damage)
             ... on level 8 of the Dungeon.
             The game lasted 00:43:38 (11686 turns).

Garbasso the Caller (Barachi Summoner)             Turns: 11686, Time: 00:43:39

Health: -2/71      AC:  5    Str: 17    XL:     9   Next: 61%
Magic:  1/17       EV: 18    Int: 17    God:    Ashenzari [***...]
Gold:   22         SH: 11    Dex: 13    Spells: 5/18 levels left

rFire    . . .     SeeInvis +   o - +8 rapier "Cukyl" {vamp, *Contam MR+ Str+3 Stlth+} (curse)
rCold    . . .     Gourm    .   t - +1 buckler (curse)
rNeg     . . .     Faith    .   E - +0 leather armour
rPois    .         Spirit   .   (no helmet)
rElec    .         Reflect  +   H - scarf {repulsion}
rCorr    .         Harm     .   (no gloves)
MR       +....                  u - +0 pair of boots
Stlth    +++.......             j - +4 amulet of reflection (curse)
HPRegen  0.21/turn              a - +6 ring of evasion
MPRegen  0.15/turn              g - +3 ring of strength

@: repel missiles, slow
A: +LOS, swims, slowness 1, strong legs 1
a: Hop, Curse Item, Scrying, Renounce Religion


You were on level 8 of the Dungeon.
You worshipped Ashenzari.
Ashenzari was most pleased with you.
You were not hungry.

You visited 1 branch of the dungeon, and saw 8 of its levels.

You collected 339 gold pieces.
You spent 317 gold pieces at shops.

Inventory:

Hand Weapons
 o - the cursed +8 rapier "Cukyl" (weapon) {vamp, *Contam MR+ Str+3 Stlth+}
   (You found it on level 4 of the Dungeon)

   It inflicts no extra harm, but heals its wielder when it wounds a living foe.
   It affects your strength (+3).
   It affects your resistance to hostile enchantments.
   It causes magical contamination when unequipped.
   It makes you more stealthy.
   It has a curse placed upon it.
Missiles
 z - 3 tomahawks (quivered)
Armour
 n - a +0 shield
 t - a cursed +1 buckler (worn)
 u - a +0 pair of boots (worn)
 v - a +0 scale mail
 E - a +0 leather armour (worn)
 H - a scarf of repulsion (worn)
Jewellery
 a - a +6 ring of evasion (left hand)
 g - a +3 ring of strength (right hand)
 j - a cursed +4 amulet of reflection (around neck)
 M - an uncursed ring of protection from magic
Wands
 b - a wand of iceblast (7)
Scrolls
 e - 2 scrolls of remove curse
 f - a scroll of enchant armour
 l - 2 scrolls of immolation
 m - 2 scrolls of fear
 p - 4 scrolls of teleportation
 y - a scroll of amnesia
 C - a scroll of random uselessness {unknown}
 D - a scroll of enchant weapon {unknown}
 F - a scroll of identify
 G - a scroll of magic mapping {unknown}
 J - a scroll of acquirement {unknown}
 K - 2 scrolls of fog {unknown}
 L - a scroll of blinking {unknown}
Potions
 d - a potion of mutation {unknown}
 h - 5 potions of curing
 i - a potion of flight
 k - a potion of lignification {unknown}
 q - a potion of invisibility {unknown}
 r - 4 potions of haste
 s - a potion of ambrosia {unknown}
 w - a potion of brilliance {unknown}
 x - a potion of might {unknown}
 A - 2 potions of cancellation
 B - 2 potions of agility
Comestibles
 c - 14 rations


   Skills:
 + Level 6.8 Fighting
 * Level 7.0 Armour
 - Level 2.1 Dodging
 - Level 1.7 Stealth
 - Level 5.4(7.3) Shields
 + Level 5.3 Spellcasting
 - Level 7.7 Summonings
 - Level 3.0 Ice Magic
 - Level 3.1 Air Magic


You had 5 spell levels left.
You knew the following spells:

 Your Spells              Type           Power        Failure   Level  Hunger
a - Summon Ice Beast      Ice/Summ       ###.....     19%         4    ####...
b - Call Imp              Summ           ####....     1%          2    #......
c - Call Canine Familiar  Summ           ####....     1%          3    ##.....
d - Summon Lightning Spi  Summ/Air       ###.....     17%         4    ####...

Your spell library contained the following spells:

 Spells                   Type           Power        Failure   Level  Hunger
 Summon Small Mammal      Summ           ####         1%          1    None
 Summon Guardian Golem    Hex/Summ       ###.....     10%         3    ##.....
 Infusion                 Chrm           #...         16%         1    None
 Magic Dart               Conj           #...         16%         1    None
 Searing Ray              Conj           #.....       24%         2    #......
 Shroud of Golubria       Chrm/Tloc      #.........   24%         2    #......
 Song of Slaying          Chrm           #.......     24%         2    #......
 Dazzling Spray           Conj/Hex       #.....       43%         3    ##.....
 Regeneration             Chrm/Necr      #.........   43%         3    ##.....
 Spectral Weapon          Hex/Chrm       #.......     43%         3    ##.....
 Force Lance              Conj/Tloc      #.......     85%         4    ####...
 Fulminant Prism          Conj/Hex       #.........   85%         4    ####...
 Iskenderun's Mystic Bla  Conj           #.......     85%         4    ####...


Dungeon Overview and Level Annotations

Branches:
Dungeon (8/15)             Temple (0/1) D:5            Lair (0/6) D:8

Altars:
Ashenzari
Dithmenos
Elyvilon
Gozag
Hepliaklqana
Kikubaaqudgha
Nemelex Xobeh
Vehumet
Zin
The Shining One

Shops:
D:4 =[*   D:5 *   D:6 %?(   D:7 *   D:8 **

Annotations:
D:8 Gastronok


Innate Abilities, Weirdness & Mutations

Shadows flee at your approach. (+LOS)
You can swim through water.
You cover ground slowly.
You can hop short distances.


Message History

The air twists around and strikes you!
Things that are here:
a +0 giant spiked club; a +0 dire flail Your lightning spire shoots out a bolt of lightning at Gastronok!
The bolt of electricity hits Gastronok.
Your crimson imp blinks!
Gastronok bites your lightning spire!!
Your lightning spire is destroyed!
Casting: Call Imp (safe; 1% risk of failure)
Confirm with . or Enter, or press ? or * to list all spells.
Aiming: Summon Lightning Spire (slightly dangerous; 17% risk of failure)
Press: ? - help, Dir - move target cursor An electric hum fills the air.
You swap places.
Your lightning spire shoots out a bolt of lightning at Gastronok!
The bolt of electricity hits Gastronok.
Gastronok waves his eye-stalks in wide circles.
The air twists around and strikes you!
Ouch! That really hurt!
You die...

####.## #.####.##.##.#
......####.# #.##.##.#
##.........# #..#.##.#
##### ..#...###..#
##.#.##.# #[..5
#.##.####..#####.#.#..#
#.###
#.###...............#.##
#.#
#.###.###<#####....###.##
#5# ......# #....w85..##
##.#####.# ..#####
#.)####5@..###........#
..# #..#
#.5##.#.######### ..#
#..# #..###.## ..# #..#
#..# #.# ..#######..#
#..# #.# ...........#
#..# #.# w#######>###
#..# #.# .# #.# #..# #.#
## #.# ##..# #.#


You could see Gastronok, a friendly lightning spire, 2 friendly crimson imps and
a friendly white imp.

Vanquished Creatures
  A wyvern (D:7)
  An ice beast (D:8)
  A phantom (D:4)
  3 ogres
  A wolf (D:8)
  A bullfrog (D:7)
  2 centaur zombies
  2 crimson imps (D:5)
  A bullfrog zombie (D:6)
  3 hounds
  An iguana (D:6)
  2 orc wizards
  2 worker ants
  A hound zombie (D:7)
  A hound skeleton (D:7)
  5 adders
  2 oozes
  A worm (D:4)
  3 dart slugs
  3 leopard geckos
  11 orcs
  5 giant cockroaches
  7 goblins
  2 hobgoblins
  2 jackals (D:3)
  4 quokkas
  A ball python (D:2)
  10 bats
  A frilled lizard (D:4)
  8 kobolds
  6 rats
  A fungus (D:6)
95 creatures vanquished.

Vanquished Creatures (collateral kills)
  A two-headed ogre (D:8)
  A troll (D:8)
  A water moccasin (D:8)
  Duvessa (D:6)
  2 orc warriors (D:6)
  An ice beast (D:8)
  A phantom (D:6)
  A centaur (D:5)
  3 wolves (D:8)
  A big kobold (D:7)
  A bullfrog (D:8)
  Dowan (D:6)
  5 killer bees (D:8)
  2 howler monkeys (D:8)
  7 hounds
  A quasit (D:7)
  A jelly (D:6)
  2 orc priests
  A bullfrog skeleton (D:8)
  A centaur skeleton (D:5)
  2 iguanas
  4 orc wizards
  2 worker ants (D:4)
  4 adders
  4 gnolls (D:7)
  2 oozes
  2 worms (D:3)
  2 leopard geckos
  11 orcs
  2 giant cockroaches
  A goblin (D:1)
  4 hobgoblins
  2 jackals (D:3)
  3 quokkas
  4 bats
  2 frilled lizards
  11 kobolds
  3 rats (D:1)
  A butterfly (D:5)
101 creatures vanquished.

Grand Total: 196 creatures vanquished

Notes
Turn   | Place    | Note
-------+----------+-------------------------------------------
     0 | D:1      | Garbasso the Barachi Summoner began the quest for the Orb.
     0 | D:1      | Reached XP level 1. HP: 13/13 MP: 3/3
    91 | D:1      | Reached skill level 5 in Summonings
   421 | D:1      | Reached XP level 2. HP: 8/20 MP: 1/5
   598 | D:1      | Learned a level 2 spell: Call Imp
   703 | D:1      | Reached skill level 1 in Fighting
   965 | D:1      | Reached XP level 3. HP: 24/26 MP: 6/6
  1744 | D:2      | Found a shattered altar of Ashenzari.
  1775 | D:2      | Found a shadowy altar of Dithmenos.
  1817 | D:2      | Learned a level 3 spell: Call Canine Familiar
  2288 | D:2      | Reached XP level 4. HP: 24/33 MP: 1/8
  2504 | D:2      | Became a worshipper of Ashenzari the Shackled
  2859 | D:3      | Reached skill level 1 in Shields
  3766 | D:3      | Reached XP level 5. HP: 39/39 MP: 7/9
  4086 | D:3      | Found a glowing golden altar of the Shining One.
  4168 | D:4      | Found Lemuiceg's Antique Armour Shop.
  4216 | D:4      | Noticed a phantom
  4230 | D:4      | Killed a phantom
  4230 | D:4      | Reached XP level 6. HP: 45/46 MP: 2/10
  4297 | D:4      | Learned a level 4 spell: Summon Lightning Spire
  4717 | D:4      | Reached skill level 1 in Air Magic
  4831 | D:4      | Found a sparkling altar of Nemelex Xobeh.
  4857 | D:4      | Found Qapn's General Store.
  4862 | D:4      | Got the rapier "Cukyl" {vamp, *Contam MR+ Str+3 Stlth+}
  4864 | D:4      | Identified the +8 rapier "Cukyl" {vamp, *Contam MR+ Str+3
                  | Stlth+} (You found it on level 4 of the Dungeon)
  4898 | D:4      | Bought a scroll of remove curse for 39 gold pieces
  5241 | D:4      | Found an opulent altar of Gozag.
  5274 | D:4      | Found Saredwu's Jewellery Emporium.
  5572 | D:5      | Entered Level 5 of the Dungeon
  5620 | D:5      | Reached XP level 7. HP: 52/52 MP: 6/11
  5770 | D:5      | Found an ancient bone altar of Kikubaaqudgha.
  5908 | D:5      | Found a staircase to the Ecumenical Temple.
  6006 | D:5      | Reached * piety under Ashenzari
  6201 | D:5      | Found Fmubei's Fabulous Fripperies.
  6594 | D:5      | Reached skill level 5 in Shields
  6946 | D:5      | Reached XP level 8. HP: 61/61 MP: 7/12
  7077 | D:6      | Found Bynum's Magic Scroll Boutique.
  7095 | D:6      | Bought a scroll of fear for 42 gold pieces
  7095 | D:6      | Bought a scroll of teleportation for 36 gold pieces
  7123 | D:6      | Found Vickam's Antique Weapon Emporium.
  7142 | D:6      | Reached skill level 1 in Armour
  7523 | D:6      | Noticed Duvessa
  7523 | D:6      | Noticed Dowan
  7529 | D:6      | Killed Dowan
  7543 | D:6      | Killed Duvessa
  7543 | D:6      | Reached skill level 5 in Fighting
  8068 | D:6      | Found a glowing silver altar of Zin.
  8225 | D:6      | Found a white marble altar of Elyvilon.
  8282 | D:6      | Found Xunoesk's Food Shop.
  8435 | D:7      | Learned a level 4 spell: Summon Ice Beast
  8509 | D:7      | Reached ** piety under Ashenzari
  8528 | D:7      | Found a hazy altar of Hepliaklqana.
  8598 | D:7      | Reached skill level 1 in Ice Magic
  8755 | D:7      | Found Cyschepp's General Store.
  9605 | D:8      | Found a staircase to the Lair.
  9605 | D:8      | Noticed a two-headed ogre
  9610 | D:8      | Noticed a troll
  9627 | D:7      | Reached XP level 9. HP: 53/68 MP: 1/15
  9866 | D:8      | Found Kemouwn's General Store.
 10123 | D:8      | Reached skill level 5 in Armour
 10356 | D:8      | Killed a troll
 10368 | D:8      | Noticed Gastronok
 10781 | D:8      | Reached *** piety under Ashenzari
 10840 | D:8      | Killed a two-headed ogre
 10840 | D:8      | Reached skill level 5 in Spellcasting
 10974 | D:8      | Found Heuxoada's Assorted Antiques.
 10983 | D:8      | Bought 2 scrolls labeled HYAWIE UKENE for 50 gold pieces
 10983 | D:8      | Bought a scroll labeled KYUNOSSUNT for 25 gold pieces
 10983 | D:8      | Bought a steel ring for 125 gold pieces
 11327 | D:8      | Found a radiant altar of Vehumet.
 11686 | D:8      | Killed from afar by Gastronok

Vault maps used:
D:1:      co_arrival_random_square_maze, serial_bayou_pond_d
D:2:      lemuel_doored_altar, nicolae_ashenzari_panopticon
D:3:      marbit_many_paths
D:4:      nicolae_overflow_crystal_walls, nicolae_overflow_hidden_temple,
          serial_shops, shop, nicolae_shop_trees, shop_fountains
D:5:      minmay_temple_entry_butterflies, basic_altar, first_ration,
          chequers_serial_rivers_marsh, nicolae_alphabet_shops,
          grunt_ministairs_11
D:6:      elyvilon_altar_1, zin_scriptorium, serial_shops, shop, shop,
          nicolae_shop_statue_plus, uniq_duvessa
D:7:      lemuel_coloured_pillars_altar, serial_shops, shop_statue
D:8:      vehumet_crystals, erik_lair_island, serial_shops, shop, shop, shop,
          uniq_gastronok

Skill      XL: |  1  2  3  4  5  6  7  8  9 |
---------------+----------------------------+-----
Summonings     | 5 6 7 |  7.7
Fighting       | 1 2 3 4 5 6 |  6.8
Shields        | 1 2 3 5 |  5.4
Spellcasting   | 3 4 5 |  5.3
Air Magic      | 2 3 |  3.1
Armour         | 4 7 |  7.0
Ice Magic      | 3 |  3.0
Dodging        | |  2.1
Stealth        | |  1.7

Action                   |  1- 3 |  4- 6 |  7- 9 || total
-------------------------+-------+-------+-------++-------
Melee: Unarmed           |    25 |       |       ||    25
       Short sword       |    85 |   132 |       ||   217
       Rapier            |       |    26 |   140 ||   166
 Fire: Blowgun           |       |     4 |       ||     4
Throw: Stone             |       |     7 |     3 ||    10
 Cast: Summon Small Mamm |    19 |     5 |       ||    24
       Call Imp          |    12 |    30 |    40 ||    82
       Call Canine Famil |       |     3 |     4 ||     7
       Summon Lightning  |       |       |    38 ||    38
       Summon Ice Beast  |       |       |     1 ||     1
Invok: Curse Item        |       |     3 |       ||     3
 Abil: Hop               |       |       |     7 ||     7
  Use: Scroll            |       |       |     8 ||     8
 Stab: Sleeping          |       |     5 |     3 ||     8
       Distracted        |       |       |     2 ||     2
  Eat: Chunk             |     6 |    11 |    22 ||    39
       Ration            |       |     2 |     3 ||     5
Armor: Robe              |    29 |    21 |     5 ||    55
       Leather armour    |       |       |     9 ||     9
Dodge: Dodged            |   103 |    66 |   136 ||   305
       Deflected         |       |       |     1 ||     1
Block: Buckler           |       |    46 |   134 ||   180
       Other             |       |     9 |       ||     9
       Reflection        |       |     2 |     6 ||     8

Table legend:
 A = Non-vault XP
 B = Vault XP
 C = Vault XP percentage of total XP
 D = Non-vault monster count
 E = Vault monster count
 F = Vault count percentage of total count
                 A         B        C        D         E       F
            +---------+---------+-------+---------+---------+-------
      Total |    3187 |     588 |  15.6 |     182 |      12 |   6.2
            +---------+---------+-------+---------+---------+-------
        D:1 |      49 |       0 |   0.0 |      32 |       0 |   0.0
        D:2 |      48 |       0 |   0.0 |      25 |       0 |   0.0
        D:3 |     118 |       4 |   3.3 |      34 |       1 |   2.9
        D:4 |     277 |       0 |   0.0 |      13 |       0 |   0.0
        D:5 |     674 |      34 |   4.8 |      20 |       1 |   4.8
        D:6 |     431 |     123 |  22.2 |      14 |       2 |  12.5
        D:7 |     422 |       0 |   0.0 |      20 |       0 |   0.0
        D:8 |    1168 |     427 |  26.8 |      24 |       8 |  25.0
            +---------+---------+-------+---------+---------+-------
